 Dungeon Crawl Stone Soup version 0.19.4-10-g532645f (webtiles) character file.

395 galech the Shield-Bearer (level 6, -5/39 HPs)
             Began as a Gargoyle Fighter on Feb 24, 2017.
             Killed from afar by an orc wizard (10 damage)
             ... with a puff of flame
             ... on level 4 of the Dungeon.
             The game lasted 00:05:19 (2876 turns).

galech the Shield-Bearer (Gargoyle Fighter)         Turns: 2876, Time: 00:05:21

Health: -5/39      AC: 13    Str: 22    XL:     6   Next: 82%
Magic:  6/6        EV:  7    Int:  8    God:
Gold:   118        SH:  0    Dex:  9    Spells: 0 memorised, 5 levels left

rFire  . . .     SeeInvis .     a - +0 flail
rCold  . . .     Gourm    +     b - +0 scale mail
rNeg   + . .     Faith    .     c - +0 shield
rPois  ∞         Spirit   .     (no helmet)
rElec  +         Reflect  .     (no cloak)
rCorr  .         Harm     .     (no gloves)
MR     .....                    g - +1 pair of boots
Stlth  ..........               e - amulet of the gourmand
                                (no ring)
                                (no ring)

@: confused
A: negative energy resistance 1, electricity resistance, unbreathing,
petrification resistance, rot immunity, AC +4
a: no special abilities


You were on level 4 of the Dungeon.
You were very full.

You visited 1 branch of the dungeon, and saw 4 of its levels.

You collected 118 gold pieces.

Inventory:

Hand Weapons
 a - a +0 flail (weapon)
Armour
 b - a +0 scale mail (worn)
 c - a +0 shield (worn)
 g - a +1 pair of boots (worn)
Jewellery
 e - an amulet of the gourmand (around neck)
Scrolls
 j - a scroll of teleportation {unknown}
 l - 3 scrolls of remove curse {unknown}
 o - a scroll of identify {unknown}
 p - a scroll of recharging {unknown}
 q - a scroll of enchant armour {unknown}
 r - a scroll of magic mapping {unknown}
 u - a scroll of fear {unknown}
Potions
 d - 3 potions of might
 i - 2 potions of curing {unknown}
 m - 2 potions of cancellation {unknown}
 n - a potion of ambrosia {unknown}
 s - 2 potions of heal wounds {unknown}
 t - a potion of brilliance {unknown}
Comestibles
 f - 3 bread rations
 h - a slice of pizza
 k - 3 meat rations


   Skills:
 + Level 4.7 Fighting
 + Level 3.9 Maces & Flails
 + Level 4.6 Armour
 + Level 5.3 Shields


You had 5 spell levels left.
You didn't know any spells.

Dungeon Overview and Level Annotations

Branches:
Dungeon (4/15)
 Temple: D:4-7

Altars:


Innate Abilities, Weirdness & Mutations

You are resistant to torment.
Your stone body is resilient. (AC +4)
You are immune to poison.
You resist negative energy. (rN+)
You are resistant to electric shocks. (rElec)
You can survive without breathing.
You are immune to petrification.
You are immune to rotting.


Message History

* * * LOW HITPOINT WARNING * * *
The orc wizard hits you but does no damage.
Something hits you but does no damage.
You closely miss the orc wizard.
The orc wizard hits you but does no damage.
Something hits you but does no damage.
You bump into the rock wall.
The orc wizard gestures wildly while chanting.
The orc wizard flickers and vanishes!
Something hits you.
* * * LOW HITPOINT WARNING * * *
You feel less confused. Something hits you.
* * * LOW HITPOINT WARNING * * *
Your shield and scale mail prevent you from hitting something.
You hear some strange, mumbled words.
You are confused.
You hear some strange, mumbled words.
A puff of flame appears from out of thin air!
The puff of flame hits you!
You die...

..... ...>
#..####
##+###).#..#
...........#
...........#
....###)#######
##+ #.{..##..##
##@........#
................#
.....##....##..##
.##. #....##..# #
#....##..# ##
#....#...# .##
#....##..# ..#
##....##..# ..#
#.....#...#


There were no monsters in sight!

Vanquished Creatures
  The ghost of Quirk the Skirmisher, an amateur DsFi (D:4)
  The ghost of empire the Slasher, an amateur DrWr (D:3)
  An orc priest (D:4)
  5 adders
  An ooze (D:2)
  A worm (D:2)
  2 dart slugs
  5 leopard geckos
  5 orcs
  12 bats
  6 giant cockroaches
  9 goblins
  7 hobgoblins
  6 jackals
  3 quokkas (D:2)
  A ball python (D:4)
  5 frilled lizards
  2 kobolds (D:3)
  10 rats
83 creatures vanquished.

Notes
Turn   | Place    | Note
-------+----------+-------------------------------------------
     0 | D:1      | galech the Gargoyle Fighter began the quest for the Orb.
     0 | D:1      | Reached XP level 1. HP: 14/14 MP: 1/1
    73 | D:1      | Reached XP level 2. HP: 15/19 MP: 2/2
   277 | D:1      | Reached XP level 3. HP: 18/23 MP: 3/3
   777 | D:1      | Reached skill level 4 in Shields
  1117 | D:2      | Reached XP level 4. HP: 29/29 MP: 4/4
  2196 | D:3      | Reached XP level 5. HP: 33/33 MP: 5/5
  2251 | D:3      | Noticed empire's ghost (amateur DrWr)
  2294 | D:3      | Found a faded altar of an unknown god.
  2308 | D:3      | Killed empire's ghost
  2367 | D:4      | Noticed Quirk's ghost (amateur DsFi)
  2367 | D:4      | Reached skill level 5 in Shields
  2653 | D:3      | Reached XP level 6. HP: 38/39 MP: 6/6
  2667 | D:4      | Killed Quirk's ghost
  2876 | D:4      | Killed from afar by an orc wizard

Skill      XL: |  1  2  3  4  5 |
---------------+----------------+-----
Shields        | 4 5 |  5.3
Fighting       | 4 |  4.7
Maces & Flails | 3 |  3.9
Armour         | 4 |  4.6

Action                   |  1- 3 |  4- 6 || total
-------------------------+-------+-------++-------
Melee: Flail             |   140 |   321 ||   461
  Eat: Chunk             |    18 |     5 ||    23
Armor: Scale mail        |   103 |   249 ||   352
Dodge: Dodged            |    46 |   128 ||   174
Block: Shield            |    96 |   224 ||   320
